 Dungeon Crawl Stone Soup version 0.29.0-11-gd7f09526c8 (webtiles) character file.

Game seed: 13315961994679929649

11 xian the Charlatan (level 2, -6/20 HPs)
             Began as a Draconian Wanderer on Sept 3, 2022.
             Mangled by a kobold
             ... wielding a +1 whip of electrocution
              (9 damage)
             ... on level 1 of the Dungeon.
             The game lasted 00:01:53 (639 turns).

xian the Charlatan (Draconian Wanderer)              Turns: 639, Time: 00:01:53

Health: -6/20      AC:  4    Str: 14    XL:     2   Next: 13%
Magic:  3/5        EV: 11    Int: 16    God:
Gold:   27         SH:  0    Dex:  6    Spells: 4/5 levels left

rFire   . . .      SeeInvis .   a - +0 club
rCold   . . .      Faith    .   (no shield)
rNeg    . . .      Spirit   .   (body armour unavailable)
rPois   .          Reflect  .   (helmet restricted)
rElec   .          Harm     .   (no cloak)
rCorr   .          Rampage  .   (no gloves)
Will    .....                   (no boots)
Stlth   +.........              (no amulet)
HPRegen 0.06/turn               (no ring)
MPRegen 0.09/turn               (no ring)

@: no status effects
A: AC +4, unfitting armour, cold-blooded
a: no special abilities


You were on level 1 of the Dungeon.
You visited 1 branch of the dungeon, and saw 1 of its levels.

You collected 27 gold pieces.

Inventory:

Hand Weapons
 a - a +0 club (weapon)
Scrolls
 b - a scroll of teleportation
 f - a scroll of brand weapon {unknown}
Potions
 d - a potion of degeneration {unknown}
 e - a potion of invisibility {unknown}
Miscellaneous
 c - a piece from Xom's chessboard (6/15)


   Skills:
 + Level 1.2 Dodging
 + Level 2.1 Spellcasting
 + Level 2.2 Necromancy
 + Level 2.0 Translocations
 + Level 1.0 Invocations
 + Level 2.2 Evocations


You had 4 spell levels left.
You knew the following spells:

 Your Spells              Type           Power      Damage    Failure   Level
a - Necrotise             Necr           32%        1d5       9%          1

Your spell library contained the following spells:

 Spells                   Type           Power      Damage    Failure   Level
 Apportation              Tloc           16%        N/A       9%          1
 Blink                    Tloc           16%        N/A       13%         2
 Vampiric Draining        Necr           8%         2d6       24%         3
 Teleport Other           Tloc           8%         N/A       26%         3


Dungeon Overview and Level Annotations

Branches:
Dungeon (1/15)

Altars:


Innate Abilities, Weirdness & Mutations

Your plain brown scales are hard. (AC +4)
You cannot fit into any form of body armour.
You are cold-blooded and may be slowed by cold attacks.


Message History

Casting: Necrotise (safe; 9% risk of failure)
Confirm with . or Enter, or press ? or * to list all spells.
Aiming: Necrotise (safe; 9% risk of failure)
Press: ? - help, Shift-Dir - straight line, f - endoplasm
Aim: an endoplasm (chance to affect: 75%)
The endoplasm writhes in agony.
The endoplasm freezes you.
You are frozen.
* * * LOW HITPOINT WARNING * * *
Casting: Necrotise (safe; 9% risk of failure)
Confirm with . or Enter, or press ? or * to list all spells.
Aiming: Necrotise (safe; 9% risk of failure)
Press: ? - help, Shift-Dir - straight line, f/p - endoplasm
Aim: an endoplasm (moderately wounded, chance to affect: 75%)
The endoplasm writhes in agony.
The endoplasm hits you.
* * * LOW HITPOINT WARNING * * *
The endoplasm closely misses you.
Casting: Necrotise (safe; 9% risk of failure)
Confirm with . or Enter, or press ? or * to list all spells.
Aiming: Necrotise (safe; 9% risk of failure)
Press: ? - help, Shift-Dir - straight line, f/p - endoplasm
Aim: an endoplasm (severely wounded, chance to affect: 75%)
The endoplasm writhes in agony.
You kill the endoplasm!
A hobgoblin comes into view.
Your piece from Xom's chessboard (7/15) has regained one charge.
Okay, then.
Sorry, you're not good enough to have a special ability.
Sorry, you're not good enough to have a special ability.
You make a move on Xom's chessboard...
The kobold seems to grow stronger.
The kobold closely misses you.
Unknown command.
Hit: a) +0 club
Press: ? - help, Dir - move target, f - kobold
Aim: a kobold, wielding a +1 whip of electrocution and wearing a +0 ring mail (strong, about 53% to evade your +0 club)
You barely miss the kobold.
Your tail-slap misses the kobold.
You feel yourself speed up. The kobold closely misses you.
The kobold hits you with a +1 whip of electrocution!
You die...

##### .....# ##### ......#
#...## .......###....##
.......#.@.....###########
P.......K####..####...###.
~~~.....## #..###....###.
♣P~~~.... #..###....###.
~♣~~~.P~.# #..##..#...#..
~~♣~~~~P~# ##..#).##.....
~ ♣~♣≈~PP# ##....###...#
~~♣♣♣~~~# ##...###...# ~♣
~~PP# #######...#


You could see a kobold (strong).

Vanquished Creatures
  3 endoplasms (D:1)
  A goblin (D:1)
  2 hobgoblins (D:1)
  A kobold (D:1)
  A rat (D:1)
8 creatures vanquished.

Vanquished Creatures (collateral kills)
  An endoplasm (D:1)
1 creature vanquished.

Vanquished Creatures (others)
  32 plants (D:1)
32 creatures vanquished.

Grand Total: 41 creatures vanquished

Notes
Turn   | Place    | Note
-------+----------+-------------------------------------------
     0 | D:1      | xian the Draconian Wanderer began the quest for the Orb.
     0 | D:1      | xian set off with the following items: a +0 club, a scroll
                  | of teleportation, a piece from Xom's chessboard (15/15);
                  | and the following spells available to memorise:
                  | Apportation, Necrotise, Blink, Teleport Other, Vampiric
                  | Draining.
     0 | D:1      | Reached XP level 1. HP: 14/14 MP: 3/3
     2 | D:1      | Learned a level 1 spell: Necrotise
   337 | D:1      | Reached XP level 2. HP: 8/20 MP: 1/5
   639 | D:1      | Mangled by a kobold

Illustrated notes

Levels and vault maps discovered:
D:1:      spicycebolla_arrival_clurvy, layout_rooms,
          shapermc_ecumenical_altar_flowoftime, serial_bayou_lagoon_a,
          hangedman_glass_teeth

Action                   || total
-------------------------++-------
Melee: Club              ||    25
       Tailslap          ||     3
 Cast: Necrotise         ||    10
Evoke: Piece from Xom's  ||    10
Armor: Skin              ||    12
Dodge: Dodged            ||    23
